 Dungeon Crawl Stone Soup version 0.22.1-2-g9c5b331383 (webtiles) character file.

96 McIrco the Covert (level 4, -1/33 HPs)
             Began as a Vampire Assassin on Jan 5, 2019.
             Slain by a river rat (3 damage)
             ... on level 3 of the Dungeon.
             The game lasted 00:05:07 (3420 turns).

McIrco the Covert (Vampire Assassin)                Turns: 3420, Time: 00:05:07

Health: -1/33      AC:  4    Str:  8 (10) XL:     4   Next: 41%
Magic:  4/4        EV: 12    Int: 12 (13) God:
Gold:   124        SH:  0    Dex: 13 (16) Spells: 3/3 levels left

rFire    . . .     SeeInvis +   a - +3 dagger
rCold    + . .     Gourm    .   (no shield)
rNeg     + + .     Faith    .   c - +0 robe
rPois    +         Spirit   .   (no helmet)
rElec    .         Reflect  .   d - +1 cloak
rCorr    .         Harm     .   (no gloves)
MR       .....                  (no boots)
Stlth    +++++.....             (no amulet)
HPRegen  0.05/turn              (no ring)
MPRegen  0.09/turn              (no ring)

@: very slightly contaminated, regenerating slowly
A: fangs 3, see invisible, unbreathing
a: Bat Form


You were on level 3 of the Dungeon.
You were very thirsty.

You visited 1 branch of the dungeon, and saw 3 of its levels.

You collected 124 gold pieces.

Inventory:

Hand Weapons
 a - a +3 dagger (weapon)
 b - a +0 blowgun
Missiles
 e - 8 poisoned needles
 f - 2 curare-tipped needles
Armour
 c - a +0 robe (worn)
 d - a +1 cloak (worn)
 s - a +0 buckler
Scrolls
 h - 5 scrolls of remove curse
 j - a scroll of fog
 l - a scroll of enchant weapon
 o - 2 scrolls of identify
 r - a scroll of magic mapping
Potions
 g - 4 potions of blood
 m - a potion of degeneration


   Skills:
 - Level 1.7 Fighting
 - Level 2.1 Short Blades
 - Level 1.5 Throwing
 - Level 1.1 Dodging
 + Level 9.0 Stealth


You had 3 spell levels left.
You didn't know any spells.
Your spell library was empty.

Dungeon Overview and Level Annotations

Branches:
Dungeon (3/15)

Altars:
Trog

Portals:
Sewer: D:3


Innate Abilities, Weirdness & Mutations

You heal slowly.
You have razor-sharp teeth.
You have supernaturally acute eyesight. (SInv)
You can survive without breathing.


Message History

The river rat bites you.
* * * LOW HITPOINT WARNING * * *
You hit the river rat but do no damage.
The river rat is lightly wounded.
The river rat closely misses you.
You feel better. The river rat bites you.
* * * LOW HITPOINT WARNING * * *
Unknown command.
You hit the river rat but do no damage. Your bite misses the river rat.
The river rat is lightly wounded.
The river rat bites you but does no damage.
You hit the river rat but do no damage.
The river rat is lightly wounded.
The river rat barely misses you.
You closely miss the river rat.
The river rat is lightly wounded.
You hit the river rat.
The river rat is heavily wounded.
The river rat bites you.
You die...

*,**** #...≈≈≈...## *,,,,*
#.S≈≈≈≈≈...# ****,* #..≈≈∩≈≈...#
*,*##** #..≈≈≈≈≈...# *,,[..***
#...≈≈≈....# *****..,*
#........^.# **#.##*#..........#
#...####........#
**#.@rr#.!.....## ####.....#####
** ####..# *, ######### ##.#* **,
....§§§§###### #..#* ****,,
....§##§§§...####****#...#**,,,,*
####.§§§§##......,,,,#.#...,,****
#####§§.(..(..,,,,#....##** *,
###.......,,>,*..#..,,***,


You could see a river rat and a rat.

Vanquished Creatures
  Terence (D:2)
  An adder (D:2)
  A worm (D:2)
  4 dart slugs
  A leopard gecko (D:1)
  An orc (D:3)
  2 ball pythons
  2 giant cockroaches
  7 goblins
  6 hobgoblins
  4 jackals (D:1)
  2 bats (D:1)
  4 frilled lizards
  4 kobolds
  6 rats
46 creatures vanquished.

Notes
Turn   | Place    | Note
-------+----------+-------------------------------------------
     0 | D:1      | McIrco the Vampire Assassin began the quest for the Orb.
     0 | D:1      | Reached XP level 1. HP: 16/16 MP: 1/1
    44 | D:1      | Reached skill level 6 in Stealth
   194 | D:1      | Reached XP level 2. HP: 21/22 MP: 2/2
   223 | D:1      | Reached skill level 7 in Stealth
   636 | D:1      | Reached XP level 3. HP: 27/27 MP: 3/3
  1996 | D:2      | Noticed Terence
  2008 | D:2      | Reached skill level 8 in Stealth
  2047 | D:2      | Killed Terence
  2047 | D:2      | Reached XP level 4. HP: 15/33 MP: 4/4
  2858 | D:2      | Found a bloodstained altar of Trog.
  3016 | D:2      | Reached skill level 9 in Stealth
  3386 | D:3      | Found a glowing drain.
  3420 | D:3      | Slain by a river rat

Skill      XL: |  1  2  3  4 |
---------------+-------------+-----
Stealth        | 6 7 8 9 |  9.0
Fighting       | |  1.7
Short Blades   | |  2.1
Throwing       | |  1.5
Dodging        | |  1.1

Action                   |  1- 3 |  4- 6 || total
-------------------------+-------+-------++-------
Melee: Dagger            |   118 |    71 ||   189
       Bite              |    11 |     6 ||    17
  Use: Potion            |     2 |     4 ||     6
       Scroll            |       |     9 ||     9
 Stab: Sleeping          |    12 |     1 ||    13
Armor: Robe              |    20 |    15 ||    35
Dodge: Dodged            |    45 |    57 ||   102
